 Dungeon Sprint DCSS version 0.02-122-g12e50fee3c (webtiles) character file.

Game seed: 14569270474589945311, levelgen mode: deterministic

7 lorenzova the Magician (level 1, -2/10 HPs) Deep Elf Fire Elementalist. Began on Oct 6, 2020. Slain by a human (6 damage) ... in the Dungeon (Sprint III: "The Ten Rune Challenge"). The game lasted 00:00:38 (81 turns).

lorenzova the Magician (Deep Elf Fire Elementalist)   Turns: 81, Time: 00:00:38

Health: -2/10      AC:  2    Str:  5    XL:     1 ^: 2
Magic:  3/8        EV: 13    Int: 19    God:
Gold:   0          SH:  0    Dex: 15    Spells: 8/9 levels left

rFire    . . .     Vision   .   (no weapon)
rCold    . . .     Gourm    .   (no weapon)
rNeg     . . .     Faith    .   a - +0 robe
rPois    .         Spirit   .   (no helmet)
rElec    .         Reflect  .   (no cloak)
rCorr    .         Harm     .   (no gloves)
MR       .....     NoTele   +   (no boots)
Stlth    ++........             (no amulet)
HPRegen  0.13/turn              (no ring)
MPRegen  0.18/turn              (no ring)

@: no status effects
A: no striking features
a: no special abilities


You were in the Dungeon.
You were not hungry.

You visited 1 branch

Inventory:

Armour
 a - a +0 robe (worn)
Scrolls
 i - a scroll of blinking
Potions
 d - a potion of curing
 e - a potion of heal wounds
 f - a potion of haste
 g - 2 potions of magic
 h - a potion of berserk rage
Comestibles
 c - 2 rations


   Skills:
 - Level 2.4 Dodging
 - Level 2.4 Stealth
 + Level 4.6 Spellcasting
 + Level 4.4 Fire Magic


You had 8 spell levels left.
You knew the following spells:

 Your Spells              Type           Power        Failure   Level  Hunger
a - Foxfire               Fire           21 (25)      1%          1    None

Your spell library contained the following spells:

 Spells                   Type           Power        Failure   Level  Hunger
 Searing Ray              Fire           21 (50)      3%          2    #......
 Conjure Flame            Fire           21 (100)     6%          3    ###....
 Inner Flame              Hex/Fire       12 (100)     16%         3    ###....
 Sticky Flame             Fire/Pois      12 (100)     45%         4    ####...
 Fireball                 Fire           21 (200)     50%         5    ######.


Dungeon Overview and Level Annotations

Branches:
Dungeon (1/1)

Altars:


Message History

You conjure some foxfire!
The human hits you (6).
Ouch! That really hurt!
The foxfire hits the human but does no damage (0).
The human is moderately wounded. (27/35) HP The foxfire hits the human (2).
The human is moderately wounded. (25/35) HP The human closely misses you (0).
Casting: Foxfire (safe; 1% risk of failure)
Confirm with . or Enter, or press ? or * to list all spells.
You conjure some foxfire!
The human closely misses you (0).
The foxfire hits the human (2).
The human is moderately wounded. (23/35) HP The foxfire hits the human but does no damage (0).
The human is moderately wounded. (23/35) HP The human barely misses you (0).
Casting: Foxfire (safe; 1% risk of failure)
Confirm with . or Enter, or press ? or * to list all spells.
You conjure some foxfire!
The human hits you (6).
Ouch! That really hurt!
You die...

▓#'####....♣♣♣
▓....*#....≈.♣♣
▓†..*§#...≈≈♣♣♣.
▓...§[#..≈≈≈≈♣♣♣
▓####'#..≈≈≈≈≈≈♣
▓..†.†#.≈≈≈≈≈≈..
▓.....#.≈≈≈≈≈...
▓.....#*≈≈≈.....
▓'#####@p.......
▓.....*.........
▓▓▓▓▓▓▓▓▓▓▓▓▓▓▓▓


You could see a human.

Vanquished Creatures
  An ooze (D)
  3 rats (D)
4 creatures vanquished.

Vanquished Creatures (others)
  19 foxfires (D)
19 creatures vanquished.

Grand Total: 23 creatures vanquished

Notes
Turn   | Place    | Note
-------+----------+-------------------------------------------
     0 | D        | lorenzova the Deep Elf Fire Elementalist began the quest
                  | for the Orb.
     0 | D        | Reached XP level 1. HP: 10/10 MP: 6/6
    81 | D        | Slain by a human

Levels and vault maps discovered:
D:        dungeon_sprint_mu [sprint_mu_entry_forest, sprint_mu_temple_rooms,
          sprint_mu_d1_spiders, sprint_mu_d2_genie, sprint_mu_d3_branching,
          sprint_mu_orc_legion, sprint_mu_elf_gauntlet, sprint_mu_hive_nellie,
          sprint_mu_lair_fedhas, sprint_mu_vaults_butterflies,
          sprint_mu_slime_circle, sprint_mu_swamp_cave, sprint_mu_snake_twists,
          sprint_mu_blade_basic, sprint_mu_crypt_chambers,
          sprint_mu_tomb_spiral, sprint_mu_vestibule_basic,
          sprint_mu_gehenna_hellfire, sprint_mu_dis_giant,
          sprint_mu_tartarus_statrot, sprint_mu_cocytus_islands, sprint_mu_zot1]

Skill      XL: |  1 |
---------------+----+-----
Spellcasting   | 4 |  4.6
Fire Magic     | 4 |  4.4
Dodging        | |  2.4
Stealth        | |  2.4

Action                   || total
-------------------------++-------
 Cast: Foxfire           ||    12
Dodge: Dodged            ||     4
